 Dungeon Crawl Stone Soup version 0.24.0-123-gd5b16e6ec5 (webtiles) character file.

Game seed: 5785423402000337782, levelgen mode: deterministic

257528 Peloso the Hoplite (level 19, 0/178 HPs)
             Began as a Minotaur Fighter on Feb 5, 2020.
             Was the Champion of Okawaru.
             Slain by an ettin
             ... wielding a +0 dire flail
              (28 damage)
             ... while paralysed by an ironbrand convoker
             ... on level 2 of the Vaults.
             The game lasted 01:55:36 (39819 turns).

Peloso the Hoplite (Minotaur Fighter)              Turns: 39819, Time: 01:55:37

Health: 0/178      AC: 38    Str: 33    XL:     19   Next: 10%
Magic:  20/20      EV:  2    Int:  5    God:    Okawaru [******]
Gold:   3469       SH:  0    Dex: 18    Spells: 18/18 levels left

rFire    . . .     SeeInvis .   a - +8 demon blade "Bloodbane" {slice, *Rage +Rage Stlth-}
rCold    + . .     Gourm    .   c - +0 shield
rNeg     . . .     Faith    +   H - +7 plate armour of the Rose {Regen+}
rPois    +         Spirit   .   P - +2 hat of Leaves {rC+ Str+3 Dex+2}
rElec    .         Reflect  .   O - +0 cloak {rPois}
rCorr    .         Harm     .   u - +2 pair of gloves {Dex+3}
MR       +....     Rnd*Rage +   I - +1 pair of boots
Stlth    ..........             R - amulet of faith
HPRegen  0.79/turn              M - +4 ring of strength
MPRegen  0.17/turn              n - +4 ring of protection

@: paralysed, berserk cooldown, slowed
A: retaliatory headbutt, horns 2
}: 2/15 runes: barnacled, gossamer
a: Heroism, Finesse, Renounce Religion, Evoke Berserk Rage


You were on level 2 of the Vaults.
You worshipped Okawaru.
Okawaru was exalted by your worship.
You were hungry.

You visited 6 branches of the dungeon, and saw 33 of its levels.
You also visited: Gauntlet.

You collected 4944 gold pieces.
You spent 1475 gold pieces at shops.

Inventory:

Hand Weapons
 a - the +8 demon blade "Bloodbane" (weapon) {slice, *Rage +Rage Stlth-}
   (You found it in a Gauntlet)

   It inflicts extra damage upon your enemies.
   It lets you go berserk.
   It may make you go berserk in combat.
   It makes you less stealthy.
 b - a +2 vampiric demon blade
 j - a +2 long sword of flaming
Armour
 c - a +0 shield (worn)
 p - a +1 plate armour of poison resistance
 u - a +2 pair of gloves of dexterity (worn)
 D - a scarf of cloud immunity
 E - the +3 hat of Least Resistance {MR+ Int+4 SInv}
   (Okawaru gifted it to you on level 10 of the Dungeon)

   It affects your intelligence (+4).
   It affects your resistance to hostile enchantments.
   It lets you see invisible.
 H - the +7 plate armour of the Rose (worn) {Regen+}
   (Okawaru gifted it to you on level 1 of the Orcish Mines)

   It increases your rate of regeneration.
 I - a +1 pair of boots (worn)
 L - a scarf of resistance
 O - a +0 cloak of poison resistance (worn)
 P - the +2 hat of Leaves (worn) {rC+ Str+3 Dex+2}
   (You found it in a Gauntlet)

   It affects your strength (+3).
   It affects your dexterity (+2).
   It protects you from cold.
 Q - the +0 hat of Reason {rPois rF+}
   (Okawaru gifted it to you in a Gauntlet)

   It protects you from fire.
   It protects you from poison.
 S - +0 fire dragon scales
 T - +0 ice dragon scales
Jewellery
 h - an uncursed amulet of the gourmand
 n - a +4 ring of protection (right hand)
 r - an uncursed ring of flight
 s - a +3 amulet of reflection
 M - a +4 ring of strength (left hand)
 R - an amulet of faith (around neck)
Wands
 t - a wand of flame (11)
 K - a wand of enslavement (8)
Scrolls
 e - 2 scrolls of summoning
 g - 6 scrolls of identify
 i - 7 scrolls of teleportation
 k - 5 scrolls of remove curse
 l - 7 scrolls of magic mapping
 v - 2 scrolls of fear
 y - a scroll of enchant armour
 B - 2 scrolls of noise
 U - 3 scrolls of blinking
Potions
 d - 11 potions of might
 m - 9 potions of curing
 o - 6 potions of agility
 q - a potion of haste
 w - 3 potions of mutation
 x - 8 potions of flight
 z - a potion of ambrosia
 C - a potion of brilliance
 F - a potion of berserk rage
 J - 2 potions of resistance
 N - 3 potions of heal wounds
Miscellaneous
 A - a sack of spiders
 G - a lightning rod (4/4)
Comestibles
 f - 54 rations


   Skills:
 + Level 17.7 Fighting
 + Level 19.1 Long Blades
 + Level 16.6 Armour
 + Level 6.6 Dodging
 + Level 3.2 Stealth
 + Level 23.5 Shields
 + Level 3.2 Invocations
 + Level 0.8 Evocations


You had 18 spell levels left.
You didn't know any spells.
Your spell library contained the following spells:

 Spells                   Type           Power        Failure   Level  Hunger
 Ignite Poison            Fire/Tmut/Pois #.......     100%        3    ####...
 Mephitic Cloud           Conj/Pois/Air  #.......     100%        3    ####...
 Spectral Weapon          Hex/Chrm       #.......     100%        3    ####...
 Summon Lightning Spire   Summ/Air       #.......     100%        4    #####..
 Silence                  Hex/Air        #.........   100%        5    ######.
 Summon Mana Viper        Hex/Summ       #.......     100%        5    ######.
 Conjure Ball Lightning   Conj/Air       #.........   100%        6    #######
 Deflect Missiles         Chrm/Air       #.........   100%        6    #######
 Tornado                  Air            #.........   100%        9    #######


Dungeon Overview and Level Annotations

Branches:
Dungeon (15/15)            Temple (0/1) D:6            Lair (6/6) D:8
 Shoals (4/4) Lair:4       Spider (4/4) Lair:4        Slime (0/5) Lair:6
    Orc (2/2) D:12            Elf (0/3) Orc:2        Vaults (1/5) D:14
 Depths (0/5) D:15        Gauntlet (visited)

Altars:
Hepliaklqana
Makhleb
Okawaru
Xom
The Shining One
Beogh
Jiyva

Shops:
D:5 (   Orc:2 ([[([

Portals:
Hell: Lair:6

Annotations:
Vaults:1 3 runed translucent doors


Innate Abilities, Weirdness & Mutations

You reflexively headbutt those who attack you in melee.
You have a pair of horns on your head.


Message History

You hear a shout!
You hit the ettin. You headbutt the ettin!
The ettin is almost dead.
The orc knight hits you but does no damage.
The ettin hits you with a +0 dire flail!
* * * LOW HITPOINT WARNING * * *
The ettin hits you but does no damage.
The necromancer casts a spell.
The necromancer binds the souls of nearby monsters.
You barely miss the ettin.
You headbutt the ettin, but do no damage.
The ettin is almost dead.
The ironbrand convoker zaps a wand.
You suddenly lose the ability to move!
The orc knight hits you but does no damage.
The ettin completely misses you. The ettin hits you but does no damage.
The ironbrand convoker hits you but does no damage.
The orc knight hits you with a +0 war axe!
* * * LOW HITPOINT WARNING * * *
The ettin hits you with a +0 dire flail!!
You die...

........ ....... ......
#.... #p.. #.. #p##########
#Ocp@os..... #O###C.##..#
#)# ).# #######c# ###
......O§###################
..$..O..(((................
...........................
.....O.......(.............
...........................


You could see an orc knight, an ettin, a wolf spider, an ogre mage, an ironbrand
convoker, a yaktaur, a necromancer and an ogre.

Vanquished Creatures
  Saint Roka (Orc:2)
  Nikola (Shoals:1)
  A kraken (Shoals:3)
  Polyphemus (Shoals:2)
  Kirke (Lair:6)
  Frances (Shoals:2)
  The ghost of mpzz the Markscentaur, an adept CeWr of the Shining One (Shoals:1)
  A fire giant (Orc:1)
  Roxanne (Shoals:3)
  Louise (Spider:3)
  3 vault wardens (Vaults:1)
  3 emperor scorpions (Spider:4)
  4 ghost moths
  2 ironheart preservers (Vaults:2)
  4 entropy weavers
  2 stone giants (Shoals:4)
  A minotaur (Gauntlet)
  A deep elf demonologist (D:14)
  4 spark wasps
  A merfolk javelineer (Shoals:4)
  6 merfolk impalers
  Josephine (Orc:1)
  3 ettins (Orc:1)
  2 fire dragons (Vaults:1)
  5 yaktaur captains
  2 vault guards (Vaults:1)
  2 great orbs of eyes
  3 ice dragons
  5 hydras
  A rakshasa (D:15)
  Harold (Lair:1)
  A catoblepas (Shoals:2)
  Erica (Orc:1)
  A death knight (Vaults:1)
  6 merfolk avatars
  4 centaur warriors
  2 merfolk aquamancers (Shoals:4)
  2 satyrs (Shoals:4)
  9 death yaks
  An ogre mage (Vaults:1)
  8 two-headed ogres
  A tengu warrior (D:14)
  2 orc high priests (Orc:2)
  The ghost of jf82 the Archer, a novice CeBe of Trog (D:9)
  An alligator snapping turtle (Shoals:4)
  A titan zombie (Orc:1)
  2 deep elf knights
  3 skeletal warriors (Vaults:1)
  A shadow wraith (Vaults:1)
  2 sixfirhies
  A kraken simulacrum (Shoals:4)
  2 unseen horrors
  15 sea snakes
  A flayed ghost (Vaults:1)
  4 ironbrand convokers
  3 wizards
  3 deep elf archers
  6 orc knights
  12 harpies
  13 orb spiders
  6 orc sorcerers
  2 necromancers
  13 fauns
  3 deep elf magi
  9 manticores
  A moth of wrath (Spider:4)
  13 ugly things
  5 oklob plants
  16 cyclopes
  21 wolf spiders
  10 elephants
  2 spectral centaurs (D:9)
  A centaur zombie (D:15)
  3 vault sentinels
  9 water nymphs
  9 merfolk sirens
  22 spiny frogs
  5 gargoyles (D:8)
  4 centaur skeletons
  A torpor snail (Lair:2)
  6 rime drakes
  12 komodo dragons
  3 freezing wraiths (Vaults:1)
  14 yaktaurs
  15 demonic crawlers
  A minotaur zombie (Gauntlet)
  2 ice devils (Lair:6)
  A hellwing (Lair:6)
  3 red devils (Lair:6)
  9 trolls
  8 wind drakes
  33 jumping spiders
  A queen bee (Spider:1)
  6 meliai
  24 merfolk
  A slime creature (Vaults:2)
  A raiju (shapeshifter) (D:14)
  6 hornets
  8 hippogriffs
  7 dream sheep (Lair:6)
  16 blink frogs
  A frost giant simulacrum (Vaults:1)
  15 snapping turtles
  2 water elementals (Shoals:1)
  63 redbacks
  A vampire (D:12)
  Sigmund (D:5)
  3 spriggans (Lair:6)
  2 shadows
  29 tarantellas
  5 wyverns
  60 yaks
  8 hogs
  4 wraiths (Orc:1)
  4 hungry ghosts
  4 basilisks
  A steam dragon (Lair:4)
  A human (D:10)
  5 vampire mosquitoes
  Edmund (D:4)
  5 wargs
  7 water moccasins
  2 soldier ants
  Duvessa (D:5)
  4 hell hounds (Lair:6)
  9 porcupines
  A hornet zombie (D:10)
  2 sky beasts
  8 ice beasts
  34 orc warriors
  A black bear (D:8)
  3 phantoms
  A meliai simulacrum (D:9)
  14 ogres
  An eye of draining (D:13)
  13 wolves
  15 centaurs
  16 crocodiles
  3 big kobolds
  18 bullfrogs
  A gnoll sergeant (D:9)
  3 cyclops zombies (Orc:1)
  Dowan (D:5)
  2 wyvern skeletons
  2 scorpions
  20 killer bees
  3 wights (D:9)
  5 electric eels
  4 bullfrog zombies
  13 crimson imps
  2 lava snakes (Orc:1)
  A human simulacrum (Vaults:1)
  22 orc priests
  6 jellies
  A gnoll shaman (Orc:1)
  10 hounds
  4 bullfrog skeletons
  An iron imp (D:9)
  Natasha (twice) (D:2)
  Ijyb (D:5)
  4 iguanas
  22 orc wizards
  8 worker ants
  A killer bee zombie (D:6)
  2 centaur simulacra (D:9)
  2 hound skeletons
  Robin (D:2)
  12 gnolls
  3 howler monkey skeletons
  A worker ant zombie (D:9)
  7 adders
  A shadow imp (D:5)
  4 ufetubi (Gauntlet)
  4 oozes (Lair:6)
  5 worms
  2 dart slugs
  3 leopard geckos
  90 orcs
  5 giant cockroaches
  19 goblins
  9 hobgoblins
  4 jackals
  22 kobolds
  6 quokkas
  4 ball pythons
  10 bats
  9 frilled lizards
  5 rats
  3 fungi (Lair:1)
  7 plants
  A tentacle (Shoals:4)
1255 creatures vanquished.

Vanquished Creatures (others)
  A centaur warrior (D:15)
  A satyr (Shoals:4)
  A manticore (Shoals:1)
  6 fauns
  5 cyclopes
  A jumping spider (Spider:4)
  2 centaurs
  An orc wizard (D:15)
  2 bushes (Lair:6)
  18 fungi
  27 plants
  8 tentacles
73 creatures vanquished.

Grand Total: 1328 creatures vanquished

Notes
Turn   | Place    | Note
-------+----------+-------------------------------------------
     0 | D:1      | Peloso the Minotaur Fighter began the quest for the Orb.
     0 | D:1      | Reached XP level 1. HP: 19/19 MP: 0/0
   211 | D:1      | Reached XP level 2. HP: 24/27 MP: 1/1
   344 | D:1      | Reached skill level 4 in Shields
   687 | D:2      | Reached XP level 3. HP: 6/33 MP: 2/2
  1051 | D:2      | Noticed Natasha
  1057 | D:2      | Killed Natasha
  1057 | D:2      | Reached XP level 4. HP: 10/40 MP: 3/3
  1413 | D:2      | Found a shimmering altar of Xom.
  1482 | D:2      | Noticed Natasha
  1485 | D:2      | Killed Natasha
  1869 | D:2      | Noticed Robin
  1883 | D:2      | Killed Robin
  1883 | D:2      | Reached XP level 5. HP: 37/46 MP: 4/4
  1897 | D:2      | Found a hazy altar of Hepliaklqana.
  2793 | D:4      | Reached skill level 5 in Long Blades
  2845 | D:4      | Noticed a phantom
  2862 | D:4      | Killed a phantom
  2862 | D:4      | Reached skill level 5 in Armour
  2862 | D:4      | Reached skill level 5 in Shields
  2862 | D:4      | Reached XP level 6. HP: 45/53 MP: 5/5
  3176 | D:5      | Entered Level 5 of the Dungeon
  3176 | D:5      | Noticed Edmund
  3194 | D:4      | Killed Edmund
  3194 | D:4      | Reached skill level 1 in Dodging
  3211 | D:5      | Reached XP level 7. HP: 18/60 MP: 6/6
  3497 | D:5      | Found an iron altar of Okawaru.
  3498 | D:5      | Noticed Duvessa
  3498 | D:5      | Noticed Dowan
  3505 | D:5      | Became a worshipper of Warmaster Okawaru
  3518 | D:5      | Killed Duvessa
  3528 | D:5      | Reached skill level 6 in Shields
  3532 | D:5      | Killed Dowan
  3532 | D:5      | Reached skill level 5 in Fighting
  3725 | D:5      | Noticed Sigmund
  3738 | D:5      | Killed Sigmund
  3738 | D:5      | Reached * piety under Okawaru
  3738 | D:5      | Reached XP level 8. HP: 68/68 MP: 7/7
  3801 | D:5      | Found Eleuneib's Antique Weapon Shop.
  3883 | D:5      | Reached skill level 7 in Shields
  4098 | D:5      | Noticed Ijyb
  4125 | D:5      | Killed Ijyb
  5065 | D:6      | Found a staircase to the Ecumenical Temple.
  5101 | D:6      | Reached ** piety under Okawaru
  5812 | D:7      | Reached skill level 5 in Dodging
  5851 | D:7      | Reached XP level 9. HP: 75/75 MP: 8/8
  5953 | D:7      | Reached skill level 1 in Stealth
  6289 | D:7      | Found a glowing golden altar of the Shining One.
  6664 | D:8      | Reached skill level 8 in Shields
  6731 | D:8      | Reached *** piety under Okawaru
  6875 | D:8      | Found a staircase to the Lair.
  7038 | D:8      | Noticed a gargoyle
  7043 | D:8      | Killed a gargoyle
  7050 | D:8      | Noticed a gargoyle
  7062 | D:8      | Killed a gargoyle
  7062 | D:8      | Reached skill level 9 in Shields
  7239 | D:8      | Noticed a gargoyle
  7244 | D:8      | Killed a gargoyle
  7244 | D:8      | Received a gift from Okawaru
  7262 | D:8      | Noticed a gargoyle
  7268 | D:8      | Killed a gargoyle
  7268 | D:8      | Reached **** piety under Okawaru
  7268 | D:8      | Reached skill level 10 in Long Blades
  7268 | D:8      | Reached XP level 10. HP: 38/86 MP: 6/9
  7472 | D:8      | Noticed a gargoyle
  7479 | D:8      | Killed a gargoyle
  7756 | D:8      | Reached skill level 10 in Shields
  7830 | D:8      | You fall into a shaft and drop 3 floors!
  7830 | D:11     | Noticed a two-headed ogre
  7840 | D:11     | Killed a two-headed ogre
  7874 | D:11     | Reached skill level 1 in Invocations
  7885 | D:11     | Reached ***** piety under Okawaru
  8022 | D:11     | Noticed a cyclops
  8037 | D:11     | Killed a cyclops
  8075 | D:10     | Entered Level 10 of the Dungeon
  8305 | D:10     | Reached skill level 11 in Shields
  8477 | D:10     | Received a gift from Okawaru
  8477 | D:10     | Reached XP level 11. HP: 87/94 MP: 10/10
  9123 | D:10     | Received a gift from Okawaru
  9144 | D:10     | Got a distressingly furry hat {god gift}
  9150 | D:10     | Identified the +3 hat of Least Resistance {MR+ Int+4 SInv}
                  | (Okawaru gifted it to you on level 10 of the Dungeon)
  9377 | D:9      | Found a runed translucent gate.
  9715 | D:9      | Found a runed translucent gate.
  9715 | D:9      | Found a runed translucent gate.
  9716 | D:9      | Noticed jf82's ghost (novice CeBe)
  9742 | D:9      | Found a burning altar of Makhleb.
 10380 | D:11     | Reached skill level 12 in Shields
 10458 | D:11     | Noticed a two-headed ogre
 10468 | D:11     | Killed a two-headed ogre
 10567 | D:11     | Reached skill level 10 in Armour
 10992 | D:12     | Found a staircase to the Orcish Mines.
 11694 | D:12     | Noticed a deep elf mage
 11705 | D:12     | Killed a deep elf mage
 11705 | D:12     | Received a gift from Okawaru
 11705 | D:12     | Reached XP level 12. HP: 63/106 MP: 11/11
 11878 | D:12     | Reached skill level 13 in Shields
 11894 | D:12     | Reached skill level 10 in Fighting
 12206 | D:13     | Found a gate leading to a gauntlet.
 12217 | Gauntlet | Entered a Gauntlet
 12217 | Gauntlet | Found a transporter.
 12217 | Gauntlet | Found a transporter.
 12229 | Gauntlet | Found a transporter.
 12231 | Gauntlet | Found a transporter.
 12244 | Gauntlet | Found a transporter.
 12247 | Gauntlet | Found a transporter.
 12256 | Gauntlet | Noticed a ghost crab
 12262 | Gauntlet | Found a transporter.
 12278 | Gauntlet | Found a transporter.
 12278 | Gauntlet | Noticed a great orb of eyes
 12283 | Gauntlet | Found a transporter.
 12286 | Gauntlet | Found a transporter.
 12297 | Gauntlet | Found a transporter.
 12299 | Gauntlet | Found a transporter.
 12632 | Gauntlet | Killed a great orb of eyes
 12656 | Gauntlet | Got a slimy hat
 12667 | Gauntlet | Identified the +2 hat of Leaves {rC+ Str+3 Dex+2} (You
                  | found it in a Gauntlet)
 12685 | Gauntlet | Noticed a minotaur
 12698 | Gauntlet | Killed a minotaur
 12698 | Gauntlet | Received a gift from Okawaru
 12701 | Gauntlet | Got a crude hat {god gift}
 12718 | Gauntlet | Identified the +0 hat of Reason {rPois rF+} (Okawaru gifted
                  | it to you in a Gauntlet)
 12734 | Gauntlet | Found the +8 demon blade "Bloodbane" {slice, *Rage +Rage
                  | Stlth-}
 12753 | Gauntlet | Got a warped short sword
 12754 | Gauntlet | Identified the cursed +2 short sword "Kahenauca" {drain,
                  | rF++} (You found it in a Gauntlet)
 13148 | D:13     | Reached skill level 14 in Shields
 13454 | D:13     | Identified a scroll of acquirement
 13617 | D:9      | Killed jf82's ghost
 13800 | D:8      | Got a twisted dagger
 14267 | Lair:1   | Entered Level 1 of the Lair of Beasts
 14569 | Lair:1   | Identified the +6 dagger of Ravage {flame, rPois} (You
                  | found it on level 8 of the Dungeon)
 14870 | Lair:1   | Noticed Harold
 14891 | Lair:1   | Killed Harold
 14891 | Lair:1   | Reached XP level 13. HP: 107/115 MP: 14/14
 15378 | Lair:2   | Received a gift from Okawaru
 15397 | Lair:2   | Identified the Compendium of Captivating Poison
 15629 | Lair:2   | Reached ****** piety under Okawaru
 15723 | Lair:2   | Reached skill level 15 in Shields
 17841 | Lair:3   | Received a gift from Okawaru
 18570 | Lair:4   | Found a staircase to the Shoals.
 18656 | Lair:4   | Found a hole to the Spider Nest.
 19379 | Lair:5   | Reached skill level 15 in Long Blades
 19849 | Lair:5   | Reached XP level 14. HP: 92/126 MP: 15/15
 19867 | Lair:5   | Reached skill level 16 in Shields
 19958 | Lair:5   | Received a gift from Okawaru
 20420 | Lair:6   | Entered Level 6 of the Lair of Beasts
 20815 | Lair:6   | Noticed Kirke
 20840 | Lair:6   | Killed Kirke
 21016 | Lair:6   | Reached skill level 17 in Shields
 21128 | Lair:6   | Received a gift from Okawaru
 21305 | Lair:6   | Found a burning altar of Makhleb.
 21360 | Lair:6   | Found a gateway to Hell.
 21434 | Lair:6   | Found a runed translucent door.
 21435 | Lair:6   | Found a viscous altar of Jiyva.
 21437 | Lair:6   | Found a staircase to the Slime Pits.
 22265 | Lair:2   | Got an ebony trident
 22266 | Lair:2   | Identified the cursed +3 trident of Ceazxuor {antimagic,
                  | *Rage rPois rF+} (You found it on level 2 of the Lair of
                  | Beasts)
 23037 | D:14     | Reached XP level 15. HP: 136/136 MP: 16/16
 23040 | D:14     | Received a gift from Okawaru
 23072 | D:14     | Got a dazzling scimitar {god gift}
 23073 | D:14     | Identified the +0 scimitar "Diutiuki" {flame, Int+4}
                  | (Okawaru gifted it to you on level 14 of the Dungeon)
 23550 | D:14     | Found a gate to the Vaults.
 23838 | D:15     | Entered Level 15 of the Dungeon
 23982 | D:15     | Reached skill level 18 in Shields
 24008 | D:15     | Received a gift from Okawaru
 24490 | D:15     | Found a staircase to the Depths.
 24693 | Orc:1    | Entered Level 1 of the Orcish Mines
 24851 | Orc:1    | Noticed Josephine
 24863 | Orc:1    | Killed Josephine
 25146 | Orc:1    | Noticed Erica
 25155 | Orc:1    | Killed Erica
 25182 | Orc:1    | Received a gift from Okawaru
 25439 | Orc:1    | Got a shimmering plate armour {god gift}
 25453 | Orc:1    | Identified the +7 plate armour of the Rose {Regen+}
                  | (Okawaru gifted it to you on level 1 of the Orcish Mines)
 25914 | Orc:1    | Noticed a fire giant
 25929 | Orc:1    | Killed a fire giant
 25956 | Orc:1    | Found the cursed +14 obsidian axe {chop, +Fly SInv *Curse}
 26009 | Orc:1    | Got a steaming broad axe
 26010 | Orc:1    | Identified the +6 broad axe "Vanel" {venom, Dex+3} (You
                  | found it on level 1 of the Orcish Mines)
 26260 | Orc:2    | Entered Level 2 of the Orcish Mines
 26333 | Orc:2    | Found a staircase to the Elven Halls.
 26418 | Orc:2    | Found Axti's Antique Armour Boutique.
 26427 | Orc:2    | Bought a warped plate armour for 588 gold pieces
 26492 | Orc:2    | Found a roughly hewn altar of Beogh.
 26493 | Orc:2    | Found Puydeoc's Weapon Shop.
 26531 | Orc:2    | Identified the +4 plate armour of the Suburbs {MR++ Str-2
                  | Int+2} (You bought it in a shop on level 2 of the Orcish
                  | Mines)
 26647 | Orc:2    | Found a roughly hewn altar of Beogh.
 26768 | Orc:2    | Found a roughly hewn altar of Beogh.
 26834 | Orc:2    | Reached skill level 19 in Shields
 26839 | Orc:2    | Found a roughly hewn altar of Beogh.
 26850 | Orc:2    | Found Irunk's Antique Armour Boutique.
 26859 | Orc:2    | Bought a faintly humming plate armour for 700 gold pieces
 26869 | Orc:2    | Identified the cursed +1 plate armour of Undesirable
                  | Species {Str+3} (You bought it in a shop on level 2 of the
                  | Orcish Mines)
 26886 | Orc:2    | Bought a pair of glowing gloves for 187 gold pieces
 26930 | Orc:2    | Noticed Saint Roka
 26974 | Orc:2    | Killed Saint Roka
 26974 | Orc:2    | Reached XP level 16. HP: 61/147 MP: 15/17
 26977 | Orc:2    | Paralysed by an orc sorcerer for 2 turns
 26980 | Orc:2    | Received a gift from Okawaru
 27227 | Orc:2    | Found a roughly hewn altar of Beogh.
 27227 | Orc:2    | Found Nacir's Antique Weapon Shoppe.
 27230 | Orc:2    | Found Qugachog's Antique Armour Emporium.
 27302 | Orc:2    | Found a roughly hewn altar of Beogh.
 27699 | Shoals:1 | Entered Level 1 of the Shoals
 27732 | Shoals:1 | Found a transporter.
 27745 | Shoals:1 | Noticed Nikola
 27769 | Shoals:1 | Killed Nikola
 27769 | Shoals:1 | Reached skill level 15 in Fighting
 28270 | Shoals:1 | Found a runed translucent door.
 28270 | Shoals:1 | Noticed mpzz's ghost (adept CeWr)
 28325 | Shoals:1 | Killed mpzz's ghost
 29505 | Shoals:2 | Noticed Polyphemus
 29522 | Shoals:2 | Killed Polyphemus
 29704 | Shoals:2 | Reached skill level 20 in Shields
 29963 | Shoals:2 | Noticed Frances
 29976 | Shoals:2 | Killed Frances
 30316 | Shoals:3 | Noticed Roxanne
 30358 | Shoals:3 | Killed Roxanne
 30747 | Shoals:3 | Noticed a kraken
 30757 | Shoals:3 | Killed a kraken
 30757 | Shoals:3 | Reached skill level 15 in Armour
 31152 | Lair:1   | Got a bloodstained quarterstaff
 31153 | Lair:1   | Identified the +2 quarterstaff "Cadid" {crush, rC- Str+2
                  | SInv} (You found it on level 1 of the Lair of Beasts)
 31384 | Shoals:4 | Entered Level 4 of the Shoals
 31777 | Shoals:4 | Received a gift from Okawaru
 32410 | Shoals:4 | Reached XP level 17. HP: 158/158 MP: 18/18
 32822 | Shoals:4 | Received a gift from Okawaru
 33160 | Shoals:4 | Reached skill level 21 in Shields
 33848 | Shoals:4 | Got a barnacled rune of Zot
 34280 | Spider:1 | Entered Level 1 of the Spider Nest
 34936 | Spider:2 | Received a gift from Okawaru
 35075 | Spider:2 | Received a gift from Okawaru
 35275 | Spider:2 | Reached skill level 22 in Shields
 35426 | Spider:3 | Noticed Louise
 35604 | Spider:3 | Killed Louise
 35802 | Spider:3 | Reached XP level 18. HP: 168/168 MP: 19/19
 36431 | Spider:4 | Entered Level 4 of the Spider Nest
 37279 | Spider:4 | Received a gift from Okawaru
 38426 | Spider:4 | Got a gossamer rune of Zot
 38837 | Vaults:1 | Entered Level 1 of the Vaults
 38851 | Vaults:1 | Reached skill level 23 in Shields
 38936 | Vaults:1 | Received a gift from Okawaru
 39238 | Vaults:1 | Found a runed translucent gate.
 39238 | Vaults:1 | Found a runed translucent gate.
 39238 | Vaults:1 | Found a runed translucent gate.
 39688 | Vaults:1 | You fall into a shaft and drop 1 floor!
 39694 | Vaults:2 | Reached XP level 19. HP: 112/177 MP: 20/20
 39797 | Vaults:2 | Received a gift from Okawaru
 39817 | Vaults:2 | Paralysed by an ironbrand convoker for 6 turns
 39819 | Vaults:2 | Slain by an ettin

Levels and vault maps discovered:
D:1:      minmay_arrival_shattered_statue, layout_loops_ring, feat_on_display
D:2:      layout_basic, lemuel_doored_altar, lemuel_coloured_pillars_altar,
          first_ration, uniq_robin, uniq_natasha
D:3:      layout_loops_ring
D:4:      layout_cave_pools
D:5:      layout_layer_cave, okawaru_gym_becter, serial_shops, shop, uniq_ijyb,
          uniq_duvessa, uniq_sigmund, uniq_edmund
D:6:      layout_cave_pods, minmay_temple_entry_trees
D:7:      layout_gridville, basic_altar
D:8:      cheibrodos_statue_roulette, layout_gridville, erik_lair_island
D:9:      layout_small_grid, makhleb_grotto_becter, gammafunk_ghost_necromancy
D:10:     layout_cave_pods, grunt_livestock
D:11:     layout_loops_ring
D:12:     layout_loops_corners, orc_0_dummy
D:13:     layout_loops_ring, gauntlet_entry_generic
D:14:     layout_basic, david_vaults_1, roderic_roman_lattice
D:15:     grunt_enter_depths_hoard, layout_small_grid, chequers_arboretum
Lair:1:   layout_gridlike, serial_bayou_shore_a, uniq_harold
Lair:2:   layout_chaotic_city, beast_lair_carwin_8, grunt_megastairs_4,
          minmay_lair_oklob_chamber
Lair:3:   layout_cave_pods
Lair:4:   layout_roguey, minmay_shoals_entry_beasts, spider_nest_entry_a,
          serial_rivers, chequers_serial_rivers_small_a,
          chequers_serial_rivers_marsh, chequers_serial_rivers_room_b,
          chequers_serial_rivers_micro_d, chequers_serial_rivers_room_b
Lair:5:   layout_regular_city, grunt_megastairs_1, lemuel_fruit_tree
Lair:6:   evil_forest, layout_long_grid, slime_altar_2, wad_woods_02, uniq_kirke
Shoals:1: gammafunk_the_bubble [the_bubble_gammafunk_crates], layout_shoals,
          ebering_ghost_reflecting_pool, uniq_nikola
Shoals:2: layout_shoals, uniq_polyphemus, uniq_frances
Shoals:3: layout_shoals, uniq_roxanne
Shoals:4: shoals_end_grunt_ice, layout_shoals, hangedman_shoals_cup_caves
Spider:1: layout_spider_delve, drop_trap, nicolae_looking_at_the_future
Spider:2: layout_spider_delve, drop_trap
Spider:3: layout_spider_delve, uniq_louise
Spider:4: spider_rune_water
Orc:1:    giant_chief_lemuel, layout_caves, uniq_erica, uniq_josephine
Orc:2:    grunt_orc_community_town_hall, layout_caves,
          grunt_orc_community_big_house_1, grunt_orc_community_big_house_2,
          grunt_orc_community_house_2, grunt_orc_community_house_1,
          grunt_orc_community_house_1, grunt_orc_community_house_3,
          serial_shops, shop
Vaults:1: gammafunk_vaults_ghost_fury_of_okawaru, ontoclasm_vaults_hangar,
          nicolae_vaults_yaktaur_gun_rack, v_misc_2, v_rooms_5,
          grunt_vaults_hallway_long, nicolae_vaults_circle_grid_a, v_pattern_2,
          ontoclasm_vaults_misaligned, nicolae_vaults_diagonal_hallway_7,
          ontoclasm_vaults_idyll, nicolae_vaults_diagonal_hallway_6,
          vaults_room_fours, vaults_mumra_minichess_inversion,
          layout_vaults_ring, uniq_saint_roka
Vaults:2: v_pattern_1, vaults_room_octagon, dpeg_vaults_monster_row,
          vaults_dpeg_spiral, ontoclasm_vaults_hangar,
          vaults_room_hangedman_quadrants, grunt_vaults_trifunnel,
          minmay_crypt_entry_simple_walls, vaults_room_semicircle,
          ontoclasm_vaults_ring_square, ontoclasm_vaults_ligature,
          layout_vaults_omnicross, serial_shops, shop

Skill      XL: |  1  2  3  4  5  6  7  8  9 10 11 12 13 14 15 16 17 18 |
---------------+-------------------------------------------------------+-----
Shields        | 4 5 6 7 9 11 12 14 15 17 19 20 22 23 | 23.5
Long Blades    | 3 4 5 6 8 10 11 12 14 15 16 17 18 19 | 19.1
Fighting       | 4 5 7 8 9 10 12 13 14 15 16 17 | 17.7
Armour         | 4 5 6 8 9 10 11 12 13 14 15 16 | 16.6
Dodging        | 1 2 5 6 |  6.6
Stealth        | 1 2 3 |  3.2
Invocations    | 1 2 3 |  3.2
Evocations     | |  0.8

Action                   |  1- 3 |  4- 6 |  7- 9 | 10-12 | 13-15 | 16-18 | 19-21 || total
-------------------------+-------+-------+-------+-------+-------+-------+-------++-------
Melee: Long sword        |    82 |   151 |   279 |   651 |    43 |       |       ||  1206
       Headbutt          |     6 |    36 |    63 |   241 |   298 |   451 |    25 ||  1120
       Falchion          |       |     5 |       |   134 |       |       |       ||   139
       Demon blade       |       |       |       |   116 |  1007 |  1663 |    50 ||  2836
Invok: Heroism           |       |       |     3 |    13 |     5 |     7 |       ||    28
       Finesse           |       |       |       |     1 |       |       |       ||     1
 Abil: Evoke Flight      |       |       |       |       |     2 |       |       ||     2
  Use: Potion            |       |     3 |       |       |       |     8 |       ||    11
       Scroll            |       |     6 |     8 |    14 |    13 |    11 |       ||    52
 Stab: Held in net/web   |       |       |       |     1 |       |       |       ||     1
       Petrifying        |       |       |       |       |       |     2 |       ||     2
       Petrified         |       |       |       |       |       |     2 |       ||     2
  Eat: Chunk             |       |     7 |     6 |    27 |    28 |    45 |       ||   113
       Ration            |       |       |     2 |     1 |     3 |     1 |       ||     7
Armor: Scale mail        |    39 |    68 |    79 |       |       |       |       ||   186
       Skin              |       |       |    36 |       |       |       |       ||    36
       Plate armour      |       |       |    38 |   292 |   347 |   976 |    23 ||  1676
Dodge: Dodged            |    24 |    50 |    78 |   188 |   304 |   635 |    14 ||  1293
Block: Shield            |    48 |    90 |   185 |   638 |   978 |  1757 |    26 ||  3722
       Reflection        |       |       |     6 |    32 |    57 |    92 |       ||   187
       Rpst.: Long sword |     3 |     8 |    22 |    42 |     2 |       |       ||    77
       Falchion          |       |     1 |       |     9 |       |       |       ||    10
       Demon blade       |       |       |       |     7 |    61 |   114 |     6 ||   188
